 Dungeon Sprint DCSS version 0.21.1-1-g345015f (webtiles) character file.

14 Fang the Cleaver (level 5, 0/56 HPs)
             Began as a Minotaur Berserker on June 23, 2018.
             Was a Priest of Trog.
             Slain by an adder (4 damage)
             ... in the Dungeon (Sprint VI: "Thunderdome").
             The game lasted 00:00:58 (264 turns).

Fang the Cleaver (Minotaur Berserker)                Turns: 264, Time: 00:00:59

Health: 0/56       AC:  2    Str: 22    XL:     5   Next: 20%
Magic:  4/4        EV: 13    Int:  4    God:    Trog [***...]
Gold:   220        SH:  0    Dex: 10    Spells: 4/4 levels left

rFire    . . .     SeeInvis .   a - +0 hand axe
rCold    . . .     Gourm    .   (no shield)
rNeg     . . .     Faith    .   b - +0 animal skin
rPois    .         Spirit   .   (helmet restricted)
rElec    .         Reflect  .   (no cloak)
rCorr    .         Harm     .   (no gloves)
MR       .....     NoTele   +   (no boots)
Stlth    +.........             (no amulet)
HPRegen  0.18/turn              (no ring)
MPRegen  0.09/turn              (no ring)

@: berserk cooldown, slowed, very slow
A: retaliatory headbutt, horns 2
a: Berserk, Trog's Hand, Burn Spellbooks, Renounce Religion


You were in the Dungeon.
You worshipped Trog.
Trog was most pleased with you.
You were not hungry.

You visited 1 branch You collected 220 gold pieces.

Inventory:

Hand Weapons
 a - a +0 hand axe (weapon)
Armour
 b - a +0 animal skin (worn)
Wands
 k - a wand of acid (5)
 l - a wand of iceblast (5)
Scrolls
 i - 4 scrolls of blinking
 m - 3 scrolls of fog
Potions
 d - a potion of curing
 e - 4 potions of heal wounds
 f - 4 potions of haste
 g - 2 potions of magic
 h - a potion of berserk rage
 j - a potion of resistance
Comestibles
 c - a ration


   Skills:
 + Level 8.6 Fighting
 + Level 9.0 Axes
 + Level 4.5 Armour
 + Level 4.3 Dodging


You had 4 spell levels left.
You didn't know any spells.

Dungeon Overview and Level Annotations

Branches:
Dungeon (1/1)

Altars:
Cheibriados
Dithmenos
Fedhas
Gozag
Kikubaaqudgha
Makhleb
Okawaru
Qazlal
Ru
Sif Muna
Trog
Uskayaw
Vehumet
Wu Jian
Xom
Yredelemnul
Zin
The Shining One
Beogh
Jiyva
Lugonu

Shops:
D *[%??*?*:[((!!!!


Innate Abilities, Weirdness & Mutations

You reflexively headbutt those who attack you in melee.
You have a pair of horns on your head.


Message History

You feel yourself slow down.
You start resting.
You feel sick. x11
An adder comes into view.
An adder is nearby!
An adder is nearby!
An adder is nearby!
An adder is nearby!
You are too injured to fight recklessly!
You are too injured to fight recklessly!
You are too injured to fight recklessly!
You are too injured to fight recklessly!
You are too injured to fight recklessly!
You feel sick.
You are no longer poisoned.
The adder hisses angrily.
You closely miss the adder. The adder bites you.
* * * LOW HITPOINT WARNING * * *
The adder bites you but does no damage.
You closely miss the adder. The adder bites you.
You die...

##.............###.............#
#⌠..........###...###..........⌠
#⌠..........# #.<.# #..........⌠
#⌠..........###...###..........⌠
##.............###.............#
###∩........8.# #.8........∩###
##∩___......###.......__∩##
######.8.†.†.....8.######
#⌠....@S.....⌠# ###.........###
#_......._# #_......._#
#_........# #∩.......∩#
##∩.....∩## ##.....## ##⌠⌠⌠##


You could see an adder.

Vanquished Creatures
  A water moccasin (D)
  Terence (D)
  Jessica (D)
  An adder skeleton (D)
  2 ball pythons (D)
  A jackal skeleton (D)
  A kobold (D)
  A rat (D)
9 creatures vanquished.

Notes
Turn   | Place    | Note
-------+----------+-------------------------------------------
     0 | D        | Fang the Minotaur Berserker began the quest for the Orb.
     0 | D        | Reached XP level 1. HP: 19/19 MP: 0/0
     4 | D        | Found a roughly hewn altar of Beogh.
     5 | D        | Found a snail-covered altar of Cheibriados.
     5 | D        | Found a hide-covered altar of Uskayaw.
     5 | D        | Round 1.
     6 | D        | Found a glowing silver altar of Zin.
     6 | D        | Found an ornate altar of the Wu Jian Council.
     7 | D        | Found a shimmering altar of Xom.
     7 | D        | Found a basalt altar of Yredelemnul.
     7 | D        | Found a glowing golden altar of the Shining One.
     7 | D        | Found Uwaezoit's Staff Store.
     7 | D        | Found Kuni's Magic Scroll Shop.
     8 | D        | Found Uthriepa's Distillery.
     8 | D        | Found Cuopliwk's Must-Have Magic.
     8 | D        | Found Serapp's Magic Scroll Shop.
    10 | D        | Reached skill level 4 in Axes
    54 | D        | Noticed Terence
    58 | D        | Killed Terence
    58 | D        | Reached ** piety under Trog
    58 | D        | Reached skill level 5 in Fighting
    58 | D        | Reached skill level 6 in Axes
    58 | D        | Reached XP level 2. HP: 30/30 MP: 1/1
    58 | D        | Reached XP level 3. HP: 37/37 MP: 2/2
   116 | D        | Found a deep blue altar of Sif Muna.
   118 | D        | Noticed Jessica
   118 | D        | Found a bloodstained altar of Trog.
   122 | D        | Killed Jessica
   127 | D        | Reached *** piety under Trog
   127 | D        | Arena points: 14 (+14) [x2]
   140 | D        | Found an ancient bone altar of Kikubaaqudgha.
   140 | D        | Found Mogiss's Delicious Food.
   140 | D        | Found Isusolom's Jewellery.
   141 | D        | Found Deijuh's Advanced Armour.
   148 | D        | Found an opulent altar of Gozag.
   148 | D        | Found a burning altar of Makhleb.
   148 | D        | Found Jaadgh's Identification Station.
   148 | D        | Found a blossoming altar of Fedhas.
   161 | D        | Found a sacrificial altar of Ru.
   163 | D        | Found a radiant altar of Vehumet.
   163 | D        | Found a stormy altar of Qazlal.
   163 | D        | Found Ymabbiur's Premium Goods.
   163 | D        | Found Resuimum's Miscellaneous Merchandise.
   164 | D        | Found Dudghigu's Basic Armour.
   169 | D        | Found Hubbil's Weapon Rack.
   169 | D        | Found a viscous altar of Jiyva.
   169 | D        | Found an iron altar of Okawaru.
   182 | D        | Found a corrupted altar of Lugonu.
   182 | D        | Found a shadowy altar of Dithmenos.
   182 | D        | Found Desacui's Do-It-Yourself Clinic.
   182 | D        | Found Tivuleok's Bottled Wisdom.
   183 | D        | Found Rinub's Distillery.
   188 | D        | Round 2.
   220 | D        | Noticed a water moccasin
   237 | D        | Killed a water moccasin
   237 | D        | Reached skill level 9 in Axes
   237 | D        | Reached XP level 4. HP: 17/49 MP: 3/3
   237 | D        | Reached XP level 5. HP: 20/56 MP: 4/4
   264 | D        | Slain by an adder

Skill      XL: |  1  2  3 |
---------------+----------+-----
Fighting       | 5 8 |  8.6
Axes           | 6 9 |  9.0
Armour         | 3 4 |  4.5
Dodging        | 4 |  4.3

Action                   |  1- 3 |  4- 6 || total
-------------------------+-------+-------++-------
Melee: Hand axe          |    29 |     2 ||    31
       Headbutt          |     3 |       ||     3
Invok: Berserk           |     2 |       ||     2
Armor: Animal skin       |     6 |     1 ||     7
Dodge: Dodged            |    26 |       ||    26
